 Dungeon Crawl Stone Soup version 0.17.2 (webtiles) character file.

167 Goblin1989 the Insei (level 5, -2/41 HPs)
             Began as a Demonspawn Monk on July 14, 2016.
             Was a Believer of Okawaru.
             Slain by a worker ant (4 damage)
             ... on level 4 of the Dungeon.
             The game lasted 00:04:58 (2754 turns).

Goblin1989 the Insei (Demonspawn Monk)              Turns: 2754, Time: 00:04:58

Health: -2/41      AC:  6    Str: 17      XL:     5   Next: 23%
Magic:  5/5        EV: 10    Int:  9 (12) God:    Okawaru [**....]
Gold:   136        SH:  0    Dex: 15      Spells: 0 memorised, 4 levels left

rFire  . . .     SeeInvis .       - Unarmed
rCold  . . .     Clarity  .     i - +0 scale mail
rNeg   . . .     SustAt   .     (no shield)
rPois  .         Gourm    .     (helmet restricted)
rElec  .         Spirit   .     (no cloak)
rCorr  .         Warding  .     (no gloves)
rMut   .         Stasis   .     (no boots)
MR     .....                    (no amulet)
Stlth  ++........               (no ring)
                                (no ring)

@: mighty, lethally poisoned (-2 -> -8), not resistant to hostile enchantments,
unstealthy
A: horns 1, demonic guardian 1, nightstalker 1
a: Heroism, Renounce Religion


You were on level 4 of the Dungeon.
You worshipped Okawaru.
Okawaru was pleased with you.
You were hungry.

You visited 1 branch of the dungeon, and saw 4 of its levels.

You collected 136 gold pieces.

Inventory:

Armour
 i - a +0 scale mail (worn)
Jewellery
 j - a +1 ring of slaying {unknown}
 p - an uncursed ring of stealth {unknown}
Wands
 o - a wand of draining (8)
Scrolls
 a - a scroll of random uselessness {unknown}
 b - a scroll of remove curse {unknown}
 c - a scroll of identify {unknown}
 e - 6 scrolls of recharging {unknown}
 f - 2 scrolls of fog {unknown}
 g - a scroll of teleportation {unknown}
 k - a scroll of noise {unknown}
 m - 2 scrolls of enchant armour {unknown}
Potions
 d - 2 potions of curing {unknown}
 l - a potion of heal wounds {unknown}
Comestibles
 n - 2 bread rations


   Skills:
 - Level 3.0 Fighting
 - Level 2.6 Dodging
 - Level 1.7 Stealth
 + Level 6.0 Unarmed Combat


You had 4 spell levels left.
You didn't know any spells.

Dungeon Overview and Level Annotations

Branches:
Dungeon (4/15)
 Temple: D:4-7

Altars:
Cheibriados
Fedhas
Nemelex Xobeh
Okawaru
Vehumet
Xom


Innate Abilities, Weirdness & Mutations

You have a pair of small horns on your head.
A weak demonic guardian rushes to your aid.
You are slightly more attuned to the shadows.


Message History

* * * LOW HITPOINT WARNING * * *
You barely miss the worker ant.
* * * LOW HITPOINT WARNING * * *
You feel sick. The worker ant bites you.
* * * LOW HITPOINT WARNING * * *
Your crimson imp blinks!
Drink which item? (? for menu, Esc to quit)
It was a potion of degeneration.
There was something very wrong with that liquid.
You feel dopey.
Your crimson imp disappears in a puff of smoke!
* * * LOW HITPOINT WARNING * * *
You feel sick. The worker ant barely misses you.
The worker ant bites you but does no damage.
Drink which item? (? for menu, Esc to quit)
It was a potion of might.
You feel very mighty all of a sudden.
* * * LOW HITPOINT WARNING * * *
You feel sick. The worker ant bites you.
You die...

###### # # #...<# #.#.#
♣♣##### ####.# #.#.#
♣♣...?.#### #.####...#
♣......$..# #.#......#
...≈≈≈a...####.#..>...#
..≈≈≈≈≈@..#....#....#.##
.≈≈♣≈≈...#.#..#)....>..
..≈≈≈≈≈.....#..)....#.##
O..≈≈≈....#.#..#..###.#
♣.......##.....#......#
♣♣.....###.#...#..#.###
♣♣###.# #........#.#
#.###.#......# #
#.....#.###....


You could see a worker ant.

Vanquished Creatures
  An orc priest (D:4)
  A hound (D:3)
  6 adders
  A giant gecko (D:2)
  4 orcs (D:4)
  A ball python (D:2)
  8 bats
  2 giant cockroaches
  5 hobgoblins
  3 giant newts (D:1)
  9 goblins
  14 kobolds
  3 rats
58 creatures vanquished.

Vanquished Creatures (others)
  An ooze (D:2)
1 creature vanquished.

Grand Total: 59 creatures vanquished

Notes
Turn   | Place    | Note
--------------------------------------------------------------
     0 | D:1      | Goblin1989 the Demonspawn Monk began the quest for the Orb.
     0 | D:1      | Reached XP level 1. HP: 18/18 MP: 1/1
   241 | D:1      | Reached skill level 4 in Unarmed Combat
   282 | D:1      | Gained mutation: You are slightly more attuned to the shadows. [demonic ancestry]
   282 | D:1      | Reached XP level 2. HP: 21/24 MP: 2/2
   614 | D:1      | Found an iron altar of Okawaru.
   622 | D:1      | Became a worshipper of Warmaster Okawaru
   622 | D:1      | Reached * piety under Okawaru
   622 | D:1      | Reached ** piety under Okawaru
   916 | D:1      | Reached XP level 3. HP: 24/29 MP: 3/3
  1345 | D:2      | Found a radiant altar of Vehumet.
  1464 | D:2      | Reached skill level 5 in Unarmed Combat
  1563 | D:2      | Found a sparkling altar of Nemelex Xobeh.
  1584 | D:2      | Gained mutation: You have a pair of small horns on your head. [demonic ancestry]
  1584 | D:2      | Reached XP level 4. HP: 30/35 MP: 4/4
  1624 | D:2      | Found a blossoming altar of Fedhas.
  2321 | D:3      | Found an iron altar of Okawaru.
  2321 | D:3      | Found a shimmering altar of Xom.
  2361 | D:3      | Found a snail-covered altar of Cheibriados.
  2693 | D:4      | Gained mutation: A weak demonic guardian rushes to your aid. [demonic ancestry]
  2693 | D:4      | Reached XP level 5. HP: 23/41 MP: 2/5
  2698 | D:4      | Reached skill level 6 in Unarmed Combat
  2744 | D:4      | Noticed an ogre
  2754 | D:4      | HP: 2/41 [poisoned by a worker ant]
  2754 | D:4      | Slain by a worker ant

Action                   |  1- 3 |  4- 6 || total
-------------------------+-------+-------++-------
Melee: Unarmed           |   142 |    58 ||   200
Invok: Heroism           |       |     1 ||     1
  Use: Potion            |       |     2 ||     2
 Stab: Sleeping          |     8 |     1 ||     9
  Eat: Bread ration      |     1 |       ||     1
       Chunk             |       |     1 ||     1
